 Dungeon Crawl Stone Soup version 0.32-a0-630-g46d191b0ed (webtiles) character file.

Game seed: 10906161064350633352

2901 Dittersdorf the Protected (level 9, -1/59 HPs)
             Began as a Gargoyle Fighter on Mar 6, 2024.
             Slain by a wolf (9 damage)
             ... on level 7 of the Dungeon.
             The game lasted 00:07:18 (6448 turns).

Dittersdorf the Protected (Gargoyle Fighter)        Turns: 6448, Time: 00:07:19

Health: -1/59      AC: 20    Str: 24    XL:     9   Next: 78%
Magic:  9/9        EV:  8    Int:  9    God:
Gold:   297        SH:  5    Dex:  9    Spells: 8/8 levels left

rFire   . . .        t - +1 hammer (drain)
rCold   . . .        c - +0 buckler
rNeg    + . .        n - +0 chain mail
rPois   ∞            (no helmet)
rElec   +            s - +0 cloak
rCorr   .            r - +0 pair of gloves
SInv    .            (no boots)
Will    .....        p - amulet of the acrobat Stlth
                     (no ring)
HPRegen 0.29/turn    (no ring)
MPRegen 0.11/turn

%: acrobat
@: no status effects
A: sickness immunity, AC +6, negative energy resistance 1, electricity
resistance, torment resistance 1, petrification resistance
a: no special abilities


You were on level 7 of the Dungeon.
You visited 2 branches of the dungeon, and saw 9 of its levels.

You collected 297 gold pieces.

Inventory:

Hand Weapons
 b - a +0 morningstar
 t - a +1 hammer of draining (weapon)
Missiles
 o - 5 curare-tipped darts (quivered)
Armour
 c - a +0 buckler (worn)
 n - a +0 chain mail (worn)
 r - a +0 pair of gloves (worn)
 s - a +0 cloak (worn)
Jewellery
 p - an amulet of the acrobat (around neck)
Wands
 a - a wand of paralysis (10)
 h - a wand of roots (8)
 j - a wand of flame (35)
 q - a wand of mindburst (7)
Scrolls
 e - 2 scrolls of fear
 f - 4 scrolls of teleportation
 i - a scroll of revelation
Potions
 d - 2 potions of might
 g - a potion of magic
 k - 2 potions of enlightenment
 l - 2 potions of curing
 m - 2 potions of heal wounds
 u - a potion of haste {unknown}
 v - a potion of lignification {unknown}


   Skills:
 + Level 8.0 Fighting
 + Level 6.9 Maces & Flails
 + Level 8.0 Armour
 + Level 7.9 Shields


You had 8 spell levels left.
You didn't know any spells.
Your spell library contained the following spells:

 Spells                   Type           Power      Damage    Failure   Level
 Dispel Undead            Necr           0%         3d6       100%        4
 Martyr's Knell           Necr/Summ      0%         N/A       100%        4
 Death Channel            Necr           0%         N/A       100%        6
 Cigotuvi's Dreadful Rot  Necr/Alch/Air  Unusable   N/A       N/A         2

Dungeon Overview and Level Annotations

Branches:
Dungeon (8/15)             Temple (1/1) D:7
   Lair: D:8-11

Altars:
Cheibriados
Hepliaklqana
Makhleb
Okawaru
Ru
Trog
Uskayaw
Wu Jian
Xom
Zin
The Shining One

Shops:
D:2 *   D:4 *   D:6 *

Annotations:
D:5 1 transporter, Gangsterbeez's ghost, novice MiFi
D:6 2 runed translucent doors, Jigsaw's ghost, novice GnRe


Innate Abilities, Weirdness & Mutations

You are immune to sickness and miasma.
Your stone body is resilient. (AC +6)
You are immune to poison.
You resist negative energy. (rN+)
You are resistant to electric shocks. (rElec)
You are resistant to unholy torment.
You are immune to petrification.


Message History

Your Armour skill increases to level 8!
You barely miss the ice beast.
The water moccasin hisses angrily.
A hound comes into view.
The wolf bites you but does no damage. The wolf bites you!
The hound bites you but does no damage. The hound completely misses you.
The ice beast hits you but does no damage.
The wolf stops to sniff the ground.
The wolf bites you. x2
* * * LOW HITPOINT WARNING * * *
You are too injured to fight recklessly!
You are too injured to fight recklessly!
You are too injured to fight recklessly!
You are too injured to fight recklessly!
You are too injured to fight recklessly!
The wolf bites you.
* * * LOW HITPOINT WARNING * * *
The hound closely misses you. x2
The wolf attacks as it pursues you! The wolf misses you.
The wolf closely misses you. The wolf misses you. You block the hound's attack.
The wolf attacks as it pursues you! The wolf bites you.
* * * LOW HITPOINT WARNING * * *
The wolf barely misses you. The wolf attacks as it pursues you!
The wolf barely misses you. x2
The hound barely misses you. The hound attacks as it pursues you!
The hound completely misses you. The wolf misses you.
The wolf closely misses you. You block the wolf's attack.
The wolf completely misses you. The wolf bites you but does no damage.
The hound attacks as it pursues you! The hound misses you.
There is a stone staircase leading up here.
The wolf misses you. The wolf bites you but does no damage.
The hound bites you but does no damage. You block the wolf's attack. x2
The hound barely misses you.
You climb upwards.
There is a stone staircase leading down here.
You hit the wolf.
The wolf is lightly wounded.
The wolf bites you!
You die...

#.##.## #.# ##.##
#.##.####.# #.#
#.##......# #.#
#.##.####.# ###)#
#.##.####.#####.#.##
#.##................
#.#######....##.....
#h#######.##.....###
#.h@h.....#####.####
########### #.....
######


You could see 2 wolves and a hound.

Vanquished Creatures
  Pikel (D:7)
  A troll (D:8)
  Menkaure (D:5)
  Duvessa (D:7)
  2 water moccasins (D:6)
  2 sky beasts (D:7)
  A black bear (D:5)
  2 centaurs
  3 ogres
  A phantom (D:7)
  2 bullfrogs
  2 scorpions
  Dowan (D:7)
  2 orc priests
  A jelly (D:7)
  A bombardier beetle (D:5)
  Crazy Yiuf (D:4)
  A gnoll bouda (D:5)
  3 hounds
  Jessica (D:2)
  Ijyb (D:4)
  4 iguanas
  3 orc wizards
  2 sleepcaps
  3 gnolls (D:5)
  4 adders
  A shadow imp (D:6)
  4 white imps
  4 ufetubi
  2 dart slugs
  29 orcs
  8 ball pythons
  10 endoplasms
  A giant cockroach (D:1)
  6 goblins
  8 hobgoblins
  2 jackals (D:1)
  3 quokkas
  6 bats
  6 frilled lizards
  13 kobolds
  5 rats
155 creatures vanquished.

Notes
Turn   | Place    | Note
-------+----------+-------------------------------------------
     0 | D:1      | Dittersdorf the Gargoyle Fighter began the quest for the
                  | Orb.
     0 | D:1      | Reached XP level 1. HP: 14/14 MP: 1/1
    84 | D:1      | Reached XP level 2. HP: 12/19 MP: 2/2
   283 | D:1      | Reached XP level 3. HP: 23/23 MP: 3/3
   551 | D:1      | Reached XP level 4. HP: 15/29 MP: 4/4
   797 | D:2      | Noticed Jessica
   802 | D:2      | Killed Jessica
   803 | D:2      | Reached XP level 5. HP: 33/33 MP: 5/5
   982 | D:2      | Found Pauqaledd's Assorted Antiques.
  2164 | D:4      | Reached XP level 6. HP: 39/39 MP: 6/6
  2274 | D:4      | Noticed Ijyb
  2304 | D:4      | Killed Ijyb
  2435 | D:4      | Found Rinimeamn's CLEARANCE SALE!.
  2928 | D:4      | Found a runed translucent door.
  2929 | D:4      | Noticed Crazy Yiuf
  3204 | D:4      | Killed Crazy Yiuf
  3249 | D:5      | Entered Level 5 of the Dungeon
  3294 | D:5      | Reached skill level 5 in Fighting
  3333 | D:5      | Reached skill level 5 in Armour
  3333 | D:5      | Reached skill level 5 in Shields
  3336 | D:5      | Reached XP level 7. HP: 34/44 MP: 7/7
  3491 | D:5      | Noticed Menkaure
  3504 | D:5      | Killed Menkaure
  3685 | D:5      | Found a snail-covered altar of Cheibriados.
  3708 | D:5      | Reached XP level 8. HP: 42/51 MP: 8/8
  3720 | D:5      | HP: 2/51 [burnt (6)]
  3984 | D:5      | Found a transporter.
  3986 | D:5      | Noticed Gangsterbeez's ghost (novice MiFi)
  3991 | D:5      | Reached skill level 5 in Maces & Flails
  4304 | D:6      | Found Doth's Elemental Accessories.
  4355 | D:6      | Found a large runed translucent door.
  4355 | D:6      | Found a large runed translucent door.
  4359 | D:6      | Noticed Jigsaw's ghost (novice GnRe)
  5365 | D:7      | Reached XP level 9. HP: 50/57 MP: 9/9
  5396 | D:7      | Noticed Duvessa
  5405 | D:7      | Noticed Dowan
  5413 | D:7      | Killed Duvessa
  5427 | D:7      | Killed Dowan
  5482 | D:7      | Found a staircase to the Ecumenical Temple.
  5497 | Temple   | Entered the Ecumenical Temple
  5527 | D:7      | Found a burning altar of Makhleb.
  5608 | D:7      | Found an ornate altar of the Wu Jian Council.
  5789 | D:7      | Noticed Pikel
  5823 | D:7      | Killed Pikel
  6420 | D:8      | Noticed a troll
  6437 | D:8      | Killed a troll
  6448 | D:7      | Slain by a wolf

Illustrated notes

Levels and vault maps discovered:
D:1:      dpeg_arrival_long_road, layout_rooms
D:2:      minmay_diamond_boxcup, layout_rooms, serial_shops,
          nicolae_shop_peninsula, uniq_jessica
D:3:      layout_rooms, minmay_misc_feat_diagonals, lexackson_kobold_supper
D:4:      layout_basic, st_stairs_14, kennysheep_cross_room,
          nicolae_shop_clearance, uniq_ijyb, uniq_crazy_yiuf_cottage
D:5:      layout_loops_ring, mainiacjoe_overflow_24_doors,
          gammafunk_ghost_mausoleum, uniq_menkaure
D:6:      layout_basic, ebering_ghost_disaster_area, minmay_misc_feat_cross,
          eino_small_chamber_without_monster, minivault_26,
          nicolae_elemental_shop
D:7:      layout_loops_ring, lemuel_round_altar,
          nicolae_wu_jian_immortal_techniques, minmay_temple_entry_antechambers,
          uniq_pikel, uniq_duvessa
D:8:      layout_gridville, nicolae_overflow_hallway_of_the_gods,
          erik_lair_island, serial_shops, shop, shop
Temple:   hellmonk_temple_two_chambers

Skill      XL: |  1  2  3  4  5  6  7  8  9 |
---------------+----------------------------+-----
Fighting       | 4 5 7 8 |  8.0
Armour         | 4 5 7 8 |  8.0
Shields        | 4 5 6 7 |  7.9
Maces & Flails | 3 4 5 6 |  6.9

Action                     |  1- 3 |  4- 6 |  7- 9 || total
---------------------------+-------+-------+-------++-------
  Melee: Flail             |   108 |   292 |       ||   400
         Mace              |       |    17 |   327 ||   344
  Throw: Dart              |       |     5 |     2 ||     7
    Use: Scroll            |       |    10 |     3 ||    13
   Stab: Distracted        |       |       |     1 ||     1
 Armour: Scale mail        |   109 |   247 |    75 ||   431
         Chain mail        |       |       |   254 ||   254
  Dodge: Dodged            |    64 |   129 |   168 ||   361
  Block: Buckler           |    46 |    71 |    95 ||   212

Table legend: (Time is in decaauts)
 A = Elapsed time spent in this place.
 B = Non-inter-level travel time spent in this place.
 C = Inter-level travel time spent in this place.
 D = Time resting spent in this place.
 E = Time spent auto-exploring this place.
 F = Levels seen in this place.
 G = Mean time per level.
                   A        B        C        D        E       F      G
               +--------+--------+--------+--------+--------+-----+--------+
         Total |   6615 |   6330 |    285 |    820 |   3830 |   9 |  735.0 |
       Dungeon |   6613 |   6328 |    285 |    820 |   3830 |   8 |  826.6 |
        Temple |      1 |      1 |      0 |      0 |      0 |   1 |    1.0 |
               +--------+--------+--------+--------+--------+-----+--------+

Top non-repeatable levels by time:
     D:6: 1085 daAuts
     D:7: 1068 daAuts
     D:5: 1062 daAuts
     D:4: 974 daAuts
     D:3: 946 daAuts
     D:1: 762 daAuts
     D:2: 681 daAuts
     D:8: 31 daAuts
  Temple: 1 daAuts
